 Dungeon Crawl Stone Soup version 0.17-a0-2093-gc772f4b (webtiles) character file.

178 brucemayne the Cleaver (level 5, -4/67 HPs)
             Began as a Hill Orc Berserker on Oct 16, 2015.
             Was a Believer of Trog.
             Slain by a water moccasin (8 damage)
             ... on level 6 of the Dungeon.
             The game lasted 00:02:24 (511 turns).

brucemayne the Cleaver (Hill Orc Berserker)          Turns: 511, Time: 00:02:24

Health: -4/67      AC:  3    Str: 26    XL:     5   Next: 58%
Magic:  5/5        EV: 11    Int:  7    God:    Trog [**....]
Gold:   74         SH:  0    Dex: 10    Spells: 0 memorised, 4 levels left

rFire  . . .     SeeInvis .     a - +0 hand axe
rCold  . . .     Clarity  .     q - -2 ring mail (curse)
rNeg   . . .     SustAt   .     (no shield)
rPois  .         Gourm    .     (no helmet)
rElec  .         Spirit   .     (no cloak)
rCorr  .         Warding  .     (no gloves)
rMut   .         Stasis   .     (no boots)
MR     .....                    (no amulet)
Stlth  ..........               (no ring)
                                o - ring of stealth

@: berserking (expiring), lethally poisoned (-4 -> -11), very quick, not
resistant to hostile enchantments, extremely unstealthy
A: no striking features
a: Burn Spellbooks, Berserk, Trog's Hand, Renounce Religion


You were on level 6 of the Dungeon.
You worshipped Trog.
Trog was pleased with you.
You were very hungry.

You visited 1 branch of the dungeon, and saw 6 of its levels.

You collected 74 gold pieces.

Inventory:

Hand Weapons
 a - a +0 hand axe (weapon)
Armour
 b - a +0 animal skin
 h - a +0 ring mail
 k - a +0 scale mail
 l - a +0 chain mail
 q - a cursed -2 ring mail (worn)
Jewellery
 f - a +2 ring of dexterity
 o - a ring of stealth (left hand)
Wands
 i - a wand of confusion (33)
Scrolls
 e - a scroll of fear
Potions
 m - a potion of poison {unknown}
 n - 2 potions of haste {unknown}
 p - a potion of curing {unknown}
Comestibles
 c - 2 bread rations
 d - a meat ration
 g - 2 royal jellies
 j - 5 chunks of flesh


   Skills:
 - Level 3.6 Fighting
 + Level 8.0 Axes
 - Level 2.1 Armour
 - Level 1.5 Dodging


You had 4 spell levels left.
You didn't know any spells.

Dungeon Overview and Level Annotations

Branches:
Dungeon (6/15)
 Temple: D:4-7

Altars:
Dithmenos
Qazlal


Message History

You feel sick. The water moccasin bites you!
* * * LOW HITPOINT WARNING * * *
You hit the water moccasin.
The water moccasin is severely wounded.
You feel sick. The water moccasin barely misses you.
You closely miss the water moccasin.
The water moccasin is severely wounded.
The water moccasin barely misses you.
You barely miss the water moccasin.
The water moccasin is severely wounded.
You feel sick. The water moccasin bites you.
* * * LOW HITPOINT WARNING * * *
Unknown command.
You slash the water moccasin!
The water moccasin is almost dead.
You hit the water moccasin.
The water moccasin is almost dead.
* * * LOW HITPOINT WARNING * * *
You feel sick. The water moccasin bites you!
You die...

.....#########.......
............<#.......
#...........#.......
#...........#%......
#............)......
#...........†)......
#............_....$.
#....S..............
#...$@.#.#......####
#......._.....###
#.....###.#.####
#.#### #%#.# # ....#
. .##


You could see a water moccasin.

Vanquished Creatures
  3 orc priests (D:4)
  A worker ant (D:6)
  4 adders
  An ooze (D:1)
  4 orcs
  A ball python (D:3)
  5 bats
  3 giant cockroaches
  3 goblins
  A hobgoblin (D:2)
  3 jackals (D:3)
  A kobold (D:1)
  A giant newt (D:6)
  A rat (D:1)
32 creatures vanquished.

Notes
Turn   | Place    | Note
--------------------------------------------------------------
     0 | D:1      | brucemayne the Hill Orc Berserker began the quest for the Orb.
     0 | D:1      | Reached XP level 1. HP: 19/19 MP: 1/1
   106 | D:1      | Reached XP level 2. HP: 26/26 MP: 2/2
   107 | D:1      | Reached skill level 5 in Axes
   177 | D:2      | Reached XP level 3. HP: 31/31 MP: 3/3
   281 | D:3      | Reached ** piety under Trog
   300 | D:4      | Reached skill level 6 in Axes
   300 | D:4      | Reached XP level 4. HP: 39/39 MP: 4/4
   305 | D:4      | Reached skill level 7 in Axes
   306 | D:4      | Reached XP level 5. HP: 41/45 MP: 5/5
   457 | D:5      | Entered Level 5 of the Dungeon
   466 | D:6      | Found a stormy altar of Qazlal.
   467 | D:6      | Found a shadowy altar of Dithmenos.
   482 | D:6      | Reached skill level 8 in Axes
   487 | D:6      | Noticed a water moccasin
   511 | D:6      | Slain by a water moccasin

Vault maps used:
D:1:      mrwooster_arrival_statue_3, minivault_14, roderic_serpentine_path
D:3:      gup_sewer_entry_spiral, grunt_ministairs_12, uniq_natasha
D:4:      first_bread, serial_shops, nicolae_shop_stone
D:5:      gammafunk_temple_overflow_pools, grunt_temple_overflow_diamond,
          uniq_crazy_yiuf_cottage
D:6:      lemuel_crystal_altar, minmay_temple_entry_enclosed_plants,
          basic_altar, serial_shops, shop

Action                   |  1- 3 |  4- 6 || total
-------------------------+-------+-------++-------
Melee: Hand axe          |    56 |    52 ||   108
Invok: Berserk           |     3 |     1 ||     4
  Use: Scroll            |       |     2 ||     2
  Eat: Chunk             |       |     1 ||     1
